 Dungeon Crawl Stone Soup version 0.30.1-11-g7821555f0a (webtiles) character file.

Game seed: 14791169070449377199

5086 Cheops the Slicer (level 10, -11/50 HPs)
             Began as a Gargoyle Earth Elementalist on Jan 2, 2024.
             Was a Believer of Vehumet.
             Mangled by a death yak (21 damage)
             ... on level 8 of the Dungeon.
             The game lasted 00:31:31 (10951 turns).

Cheops the Slicer (Gargoyle Earth Elementalist)    Turns: 10951, Time: 00:31:32

Health: -11/50     AC: 20    Str: 12    XL:     10   Next: 57%
Magic:  2/16       EV: 11    Int: 26    God:    Vehumet [**....]
Gold:   560        SH:  0    Dex: 10    Spells: 6/17 levels left

rFire   + . .        a - +1 dagger (protect)
rCold   + . .        (no shield)
rNeg    + . .        I - +0 robe {rC+ rF+}
rPois   ∞            C - +1 helmet
rElec   +            y - scarf {repulsion}
rCorr   .            (no gloves)
SInv    .            o - +1 pair of boots
Will    .....        s - amulet of the acrobat
Stlth   ++           x - +6 ring of intelligence
HPRegen 0.28/turn    (no ring)
MPRegen 0.15/turn

%: repel missiles, acrobat
@: under a protective aura, attractive
A: sickness immunity, AC +7, negative energy resistance 1, electricity
resistance, torment resistance 1, petrification resistance
a: Renounce Religion


You were on level 8 of the Dungeon.
You worshipped Vehumet.
Vehumet was pleased with you.
You visited 2 branches of the dungeon, and saw 9 of its levels.

You collected 560 gold pieces.

Inventory:

Hand Weapons
 a - a +1 dagger of protection (weapon)
 b - the +0 mace of the Philosopher {flame, rF+ Int+3, !a}
   (You found it on level 4 of the Dungeon)

   Int:       It affects your intelligence (+3).
   rF:        It protects you from fire.
 h - a +0 dagger of holy wrath
Armour
 m - a +1 leather armour of positive energy
 o - a +1 pair of boots (worn)
 u - a +0 buckler
 y - a scarf of repulsion (worn)
 C - a +1 helmet (worn)
 I - a +0 robe of resistance (worn)
Jewellery
 s - an amulet of the acrobat (around neck)
 x - a +6 ring of intelligence (left hand)
 B - a ring of wizardry
Wands
 E - a wand of polymorph (7)
Scrolls
 c - 3 scrolls of fog {unknown}
 l - 2 scrolls of teleportation
 p - 2 scrolls of blinking
 r - a scroll of silence
 t - a scroll of vulnerability
 v - 2 scrolls of amnesia
 z - a scroll of fear
 F - a scroll of immolation
 H - a scroll of enchant weapon
Potions
 d - a potion of attraction
 e - a potion of flight {unknown}
 f - 2 potions of brilliance {unknown}
 g - 2 potions of haste {unknown}
 i - 3 potions of ambrosia {unknown}
 j - 3 potions of curing {unknown}
 k - 2 potions of lignification {unknown}
 n - 2 potions of mutation {unknown}
 q - 2 potions of degeneration {unknown}
 w - 2 potions of resistance {unknown}
 A - 3 potions of cancellation
 G - a potion of heal wounds {unknown}


   Skills:
 - Level 12.4 Short Blades
 - Level 1.5 Dodging
 - Level 2.1 Stealth
 + Level 4.2 Spellcasting
 - Level 8.3 Conjurations
 - Level 0.7 Transmutations
 - Level 10.0 Earth Magic


You had 6 spell levels left.
You knew the following spells:

 Your Spells              Type           Power      Damage    Failure   Level
a - Sandblast             Erth           100%       2d20      1%          1
b - Stone Arrow           Conj/Erth      100%       3d13      1%          3
c - Magic Dart            Conj           100%       1d8       1%          1
p - Petrify               Tmut/Erth      33%        N/A       9%          4
P - Passwall              Tmut/Erth      27%        N/A       1%          2

Your spell library contained the following spells:

 Spells                   Type           Power      Damage    Failure   Level
 Shock                    Conj/Air       100%       1d9       1%          1
 Momentum Strike          Conj/Tloc      54%        3d9       2%          2
 Dazzling Flash           Conj/Hex       54%        N/A       4%          3
 Necrotise                Necr           20%        1d5       9%          1
 Blink                    Tloc           10%        N/A       13%         2
 Lesser Beckoning         Tloc           10%        N/A       13%         2
 Ignite Poison            Fire/Tmut/Pois 6%         N/A       22%         3
 Ozocubu's Armour         Ice            5%         N/A       26%         3
 Vampiric Draining        Necr           5%         2d6       26%         3
 Agony                    Necr           5%         N/A       93%         5
 Metabolic Englaciation   Hex/Ice        2%         N/A       93%         5
 Silence                  Hex/Air        2%         N/A       93%         5
 Ozocubu's Refrigeration  Ice            2%         4d8       100%        7
 Statue Form              Tmut/Erth      Unusable   N/A       N/A         6

Dungeon Overview and Level Annotations

Branches:
Dungeon (8/15)             Temple (1/1) D:4            Lair (0/5) D:8

Altars:
Ashenzari
Cheibriados
Dithmenos
Elyvilon
Fedhas
Gozag
Hepliaklqana
Kikubaaqudgha
Makhleb
Nemelex Xobeh
Okawaru
Qazlal
Ru
Sif Muna
Trog
Uskayaw
Vehumet
Wu Jian
Xom
Yredelemnul
Zin
The Shining One

Shops:
D:4 (   D:8 **

Annotations:
D:7 3 runed translucent doors, TheBioAlchemist's ghost, amateur GnHs


Innate Abilities, Weirdness & Mutations

You are immune to sickness and miasma.
Your stone body is resilient. (AC +7)
You are immune to poison.
You resist negative energy. (rN+)
You are resistant to electric shocks. (rElec)
You are resistant to unholy torment.
You are immune to petrification.


Message History

The death yak is almost dead.
You hit the death yak but do no damage.
The death yak is almost dead.
The death yak gores you but does no damage.
You hit the death yak but do no damage.
The death yak is almost dead.
You hit the death yak.
The death yak is almost dead.
The death yak gores you but does no damage.
You hit the death yak but do no damage.
The death yak is almost dead.
You hit the death yak but do no damage. Your punch misses the death yak.
The death yak is almost dead.
The death yak gores you.
* * * LOW HITPOINT WARNING * * *
You hit the death yak.
The death yak is almost dead.
You hit the death yak but do no damage.
The death yak is almost dead.
The death yak closely misses you.
You barely miss the death yak.
The death yak is almost dead.
You hit the death yak but do no damage.
The death yak is almost dead.
The death yak gores you but does no damage.
You hit the death yak but do no damage.
The death yak is almost dead.
You hit the death yak but do no damage. Your punch misses the death yak.
The death yak is almost dead.
The death yak gores you but does no damage.
You hit the death yak but do no damage.
The death yak is almost dead.
Okay, then.
It was a potion of cancellation.
You feel magically purged. The death yak gores you.
* * * LOW HITPOINT WARNING * * *
It was a potion of attraction.
You feel attractive to monsters. The death yak gores you!!
You die...

#.....##*##** ######## *
#..Y....,,.,* #......# *
#......####.####.####.###*
#......#..#.#......#....#*
#......#..#......#.#..#.#*
#.....Y#..###.#..#.#..#.#*
#######.<#..# #.#..#....#.##
#.....#.....###.............
#####.....#..#.@Y....#.#.#....#.
#...#.....#..#####.###.#......#.
#...#.....##.#.....#...'......#.
#...'.....'..#.#...#.#.#......#.
###.#.....####...#.#.#.#.....##.
#.####.........#.#.#.#.###.#..
#.##...........#.#.#.#.###....
#.##.#..>..#####.#.........(#.
#...........#....###.#.####...


You could see a death yak.

Vanquished Creatures
  2 death yaks (D:8)
  2 hornets
  A vampire (D:7)
  A yak (D:7)
  4 steam dragons
  Edmund (D:4)
  A water moccasin (D:6)
  A sky beast (D:7)
  A black bear (D:6)
  3 ogres
  A centaur (D:8)
  A phantom (D:3)
  2 kobold brigands (D:8)
  3 bullfrogs
  3 scorpions
  5 wights (D:8)
  Dowan (D:7)
  6 killer bees
  2 howler monkeys (D:8)
  3 orc priests
  2 hounds
  2 jellies (D:6)
  3 sleepcaps
  5 iguanas
  An orc wizard (D:3)
  3 gnolls (D:5)
  6 adders
  2 white imps (D:5)
  An ufetubus (D:5)
  3 worms
  5 dart slugs
  17 orcs
  6 ball pythons
  6 bats
  3 bat skeletons (D:5)
  2 bat zombies (D:5)
  6 endoplasms
  5 giant cockroaches
  7 goblins
  8 hobgoblins
  4 jackals (D:3)
  5 quokkas
  4 frilled lizards
  20 kobolds
  3 rats (D:2)
173 creatures vanquished.

Vanquished Creatures (collateral kills)
  Duvessa (D:7)
1 creature vanquished.

Vanquished Creatures (others)
  A kobold (D:8)
1 creature vanquished.

Grand Total: 175 creatures vanquished

Notes
Turn   | Place    | Note
-------+----------+-------------------------------------------
     0 | D:1      | Cheops the Gargoyle Earth Elementalist began the quest for
                  | the Orb.
     0 | D:1      | Reached XP level 1. HP: 10/10 MP: 3/3
   158 | D:1      | Reached XP level 2. HP: 15/15 MP: 0/5
   830 | D:1      | Reached XP level 3. HP: 19/19 MP: 1/6
   831 | D:1      | Reached skill level 5 in Earth Magic
  1259 | D:2      | Reached XP level 4. HP: 24/24 MP: 5/7
  1838 | D:2      | Learned a level 3 spell: Stone Arrow
  2101 | D:3      | Reached skill level 1 in Short Blades
  2101 | D:3      | Reached skill level 1 in Conjurations
  2101 | D:3      | Reached XP level 5. HP: 28/28 MP: 1/8
  2317 | D:3      | Noticed a phantom
  2320 | D:3      | Killed a phantom
  2321 | D:3      | Reached skill level 2 in Short Blades
  2479 | D:3      | Reached XP level 6. HP: 32/32 MP: 5/9
  2670 | D:3      | Found a hazy altar of Hepliaklqana.
  2671 | D:3      | Found a faded altar of an unknown god.
  2673 | D:3      | Found a faded altar of an unknown god.
  2924 | D:3      | Learned a level 2 spell: Passwall
  2962 | D:4      | Noticed Edmund
  2997 | D:4      | Reached skill level 3 in Short Blades
  3151 | D:4      | Found a staircase to the Ecumenical Temple.
  3177 | Temple   | Entered the Ecumenical Temple
  3177 | Temple   | Found a transporter.
  3177 | Temple   | Found a transporter.
  3189 | Temple   | Found a transporter.
  3189 | Temple   | Found a transporter.
  3228 | Temple   | Became a worshipper of Vehumet
  3406 | D:4      | Learned a level 4 spell: Petrify
  3418 | D:4      | Found Goanoody's Weapon Emporium.
  3525 | D:4      | Found a sparkling altar of Nemelex Xobeh.
  3650 | D:4      | Got the Excursus on Configuration and the Tempest
  3732 | D:4      | Identified the +0 mace of the Philosopher {flame, rF+
                  | Int+3}
  3782 | D:4      | Killed Edmund
  3783 | D:4      | Reached skill level 4 in Short Blades
  3783 | D:4      | Reached XP level 7. HP: 3/36 MP: 6/11
  4047 | D:5      | Entered Level 5 of the Dungeon
  4265 | D:5      | Found a shadowy altar of Dithmenos.
  4368 | D:5      | Reached skill level 5 in Short Blades
  4435 | D:5      | Noticed a yak
  4436 | D:5      | Noticed a wraith
  4591 | D:5      | Noticed a steam dragon
  4598 | D:5      | Killed a steam dragon
  4599 | D:5      | Reached skill level 6 in Short Blades
  4599 | D:5      | Reached skill level 5 in Conjurations
  4599 | D:5      | Reached XP level 8. HP: 38/41 MP: 1/14
  5135 | D:5      | Reached * piety under Vehumet
  5135 | D:5      | Offered knowledge of Freeze by Vehumet.
  5169 | D:5      | Found an ancient bone altar of Kikubaaqudgha.
  5914 | D:6      | Reached skill level 7 in Short Blades
  6200 | D:6      | Reached skill level 8 in Short Blades
  6334 | D:6      | Found a shimmering altar of Xom.
  6385 | D:6      | Found a glowing golden altar of the Shining One.
  6692 | D:6      | Reached XP level 9. HP: 45/45 MP: 10/15
  7184 | D:7      | Reached skill level 9 in Short Blades
  7419 | D:7      | Found an ornate altar of the Wu Jian Council.
  7504 | D:7      | Noticed Dowan
  7506 | D:7      | Killed Dowan
  7506 | D:7      | Noticed Duvessa
  7527 | D:7      | Killed Duvessa
  7736 | D:7      | Found a runed translucent gate.
  7736 | D:7      | Noticed TheBioAlchemist's ghost (amateur GnHs)
  7737 | D:7      | Found a runed translucent gate.
  7738 | D:7      | Found a runed translucent gate.
  7790 | D:7      | Noticed a hornet
  7797 | D:7      | Killed a hornet
  7798 | D:7      | Reached skill level 10 in Short Blades
  7972 | D:7      | Found an opulent altar of Gozag.
  7974 | D:7      | Found a broken altar of Ashenzari.
  7975 | D:7      | Found a hide-covered altar of Uskayaw.
  7976 | D:7      | Found a blossoming altar of Fedhas.
  8497 | D:8      | Noticed a hornet
  8830 | D:8      | Found Saucsomn's Lightly-Used Armoury.
  8835 | D:8      | Found a staircase to the Lair.
  8836 | D:8      | Noticed a death yak
  9084 | D:8      | Killed a hornet
  9085 | D:8      | Reached skill level 11 in Short Blades
  9201 | D:8      | Reached ** piety under Vehumet
  9202 | D:8      | Reached XP level 10. HP: 50/50 MP: 9/16
  9212 | D:8      | Offered knowledge of Magic Dart by Vehumet.
  9215 | D:8      | Learned a level 1 spell: Magic Dart
  9360 | D:8      | Noticed a death yak
  9372 | D:8      | Killed a death yak
  9372 | D:8      | Noticed a death yak
  9373 | D:8      | Reached skill level 12 in Short Blades
  9607 | D:8      | Found a stormy altar of Qazlal.
 10060 | D:8      | Found Memasauq's Overcharged Wands.
 10238 | D:8      | Found Saucsomn's Lightly-Used Armoury.
 10239 | D:8      | Found Memasauq's Overcharged Wands.
 10262 | D:8      | Killed a death yak
 10263 | D:8      | Reached skill level 10 in Earth Magic
 10521 | D:8      | Found a staircase to the Lair.
 10548 | D:8      | Found a basalt altar of Yredelemnul.
 10806 | D:8      | Found a stormy altar of Qazlal.
 10951 | D:8      | Mangled by a death yak

Illustrated notes

Levels and vault maps discovered:
D:1:      beargit_arrival_greenhouse, layout_basic
D:2:      layout_basic
D:3:      layout_loops_ring, nicolae_hepliaklqana_ecumenical_no_more,
          st_stairs_3, solitary_fountain
D:4:      layout_cave_pools, lemuel_tele_altar, minmay_temple_entry_glass,
          grunt_ministairs_11, nicolae_take_the_stairs, amethyst_killhole,
          nicolae_nh_ransacked_shop, uniq_edmund
D:5:      layout_loops_ring, nicolae_dithmenos_shadow_blocks,
          kennysheep_vampire_church, lightli_corner_chamber
D:6:      layout_loops_ring, mainiacjoe_overflow_alcove_4,
          general_overflow_altar, item_on_display_a
D:7:      layout_loops_corners, mainiacjoe_overflow_alcove_3,
          nicolae_wu_jian_immortal_techniques, biasface_ghost_orc_armoury,
          uniq_duvessa
D:8:      layout_basic, grunt_qazlal_clouds, lemuel_round_altar,
          dpeg_lair_monsters, minmay_shop_damaged,
          nicolae_shop_overcharged_wands
Temple:   hellmonk_temple_divided_pantheon

Skill      XL: |  1  2  3  4  5  6  7  8  9 10 |
---------------+-------------------------------+-----
Earth Magic    | 4 5 6 7 9 10 | 10.0
Short Blades   | 1 2 4 6 8 11 12 | 12.4
Conjurations   | 1 3 4 5 6 7 8 |  8.3
Spellcasting   | 3 4 |  4.2
Dodging        | |  1.5
Stealth        | |  2.1
Transmutations | |  0.7

Action                     |  1- 3 |  4- 6 |  7- 9 | 10-12 || total
---------------------------+-------+-------+-------+-------++-------
  Melee: Unarmed           |     8 |       |       |       ||     8
         Dagger            |     5 |     5 |       |    44 ||    54
         Punch             |       |       |       |     1 ||     1
   Cast: Sandblast         |    49 |   102 |    40 |    22 ||   213
         Stone Arrow       |       |     8 |    86 |    30 ||   124
         Passwall          |       |     4 |     2 |     1 ||     7
    Use: Potion            |       |     2 |       |     2 ||     4
         Scroll            |       |       |    11 |     5 ||    16
 Armour: Robe              |     8 |    21 |     8 |    24 ||    61
         Skin              |       |       |     3 |       ||     3
  Dodge: Dodged            |    11 |    25 |    55 |    39 ||   130
